 Dungeon Crawl Stone Soup version 0.30-a0-949-g53dc5368d7 (webtiles) character file.

Game seed: 1596109822586019790

262 ytrimaz the Chopper (level 6, -4/70 HPs)
             Began as a Formicid Fighter on Mar 27, 2023.
             Slain by an ogre
             ... wielding a +0 giant club
              (20 damage)
             ... on level 4 of the Dungeon.
             The game lasted 00:03:21 (2455 turns).

ytrimaz the Chopper (Formicid Fighter)              Turns: 2455, Time: 00:03:22

Health: -4/70      AC: 23    Str: 22    XL:     6   Next: 42%
Magic:  6/6        EV:  2    Int:  8    God:
Gold:   177        SH:  5    Dex: 13    Spells: 5/5 levels left

rFire   . . .      SeeInvis .    a - +1 war axe
rCold   . . .      Faith    .    c - +0 buckler
rNeg    . . .      Spirit   .    b - melded +0 scale mail
rPois   +          Reflect  .    (helmet unavailable)
rElec   .          Rampage  .    (cloak currently unavailable)
rCorr   .                        f - melded +0 pair of gloves
Will    .....                    (boots currently unavailable)
Stlth   +                        (no amulet)
HPRegen 0.31/turn                (no ring)
MPRegen 0.10/turn                (no ring)

@: mighty, tree-form
A: stationary, stasis, torment immunity, boosted hp, permanent stasis, dig
shafts and tunnels, (antennae 3), four strong arms
a: no special abilities


You were on level 4 of the Dungeon.
You were a tree.
You visited 1 branch of the dungeon, and saw 4 of its levels.

You collected 177 gold pieces.


Innate Abilities, Weirdness & Mutations

You are a tree.
Your roots penetrate the ground, keeping you stationary.
You cannot be teleported.
You are immune to unholy pain and torment.
Your maximum health is greatly increased.
Your equipment is partially melded.
You cannot be hasted, slowed, berserked, paralysed or teleported.
You can dig through walls and to a lower floor.
((You have a pair of large antennae on your head. (SInv)))
Your four strong arms can wield two-handed weapons with a shield.


   Skills:
 - Level 3.2 Fighting
 + Level 6.3 Axes
 - Level 3.2 Armour
 - Level 4.0 Shields


You had 5 spell levels left.
You didn't know any spells.
Your spell library contained the following spells:

 Spells                   Type           Power      Damage    Failure   Level
 Magic Dart               Conj           0%         1d3       47%         1
 Searing Ray              Conj           0%         2d4       63%         2
 Frozen Ramparts          Ice            0%         1d1       85%         3
 Fulminant Prism          Conj/Hex       0%         3d5       99%         4
 Ice Form                 Ice/Tmut       0%         N/A       99%         4
 Summon Ice Beast         Ice/Summ       0%         N/A       99%         4

Inventory:

Hand Weapons
 a - a +1 war axe (weapon)
Armour
 b - a +0 scale mail (melded)
 c - a +0 buckler (worn)
 f - a +0 pair of gloves (melded)
   (You found it on level 1 of the Dungeon)
Jewellery
 e - a ring of protection from cold
   (You found it on level 3 of the Dungeon)
 i - a ring of fire
   (You found it on level 1 of the Dungeon)
 k - an amulet of magic regeneration
   (You found it on level 1 of the Dungeon)
Wands
 o - a wand of mindburst (15)
   (You found it on level 3 of the Dungeon)
 p - a wand of polymorph (13)
   (You found it on level 3 of the Dungeon)
 s - a wand of iceblast (8)
   (You found it on level 4 of the Dungeon)
Scrolls
 n - a scroll of enchant weapon
Potions
 h - a potion of curing
 j - a potion of mutation
 l - 2 potions of haste {unknown}
 m - a potion of berserk rage {unknown}
 q - a potion of ambrosia {unknown}
 r - 2 potions of heal wounds {unknown}

Dungeon Overview and Level Annotations

Branches:
Dungeon (4/15) Zot: 21478  Temple (0/1) D:4

Altars:
Elyvilon
Qazlal

Annotations:
D:4 Grinder

###### ##### #....####....
#....#....... #....#.##..## *
#......#....#
******###############....#.#....#
,,,,,,..........♣5.......#.#.####
******#########†.O.......#.#....#
***** ###...##.....)...######
*,,,*######...##....).<..........
*,,,*#......####..........####...
*,.,*#.#....# #.....###<## #.##
*,..##.#....# #.....##..# ##.#
,,..........# #.....##.## #..#
,,..##......# #.....#..# #.##


You could see Grinder and an ogre.


Message History

Grinder comes into view.
Grinder shouts!
Grinder moves out of view.
No target in view!
No target in view!
No target in view!
Unknown command.
You closely miss Grinder.
Grinder blinks!
Grinder hits you.
You writhe in agony. 😕 HP[-8]
You take 8 damage, and now have 39/47 hp.
Unknown command.
You closely miss Grinder. Grinder hits you.
You writhe in agony.
Grinder hits you but does no damage. 😕 HP[-3]
You take 3 damage, and now have 36/47 hp.
You slash Grinder!
Grinder blinks!
Unknown command.
Grinder gestures at you. Pain shoots through your body! 😮 HP[-9]
You take 9 damage, and now have 27/47 hp.
You are too injured to fight recklessly!
Unknown command.
You are too injured to fight recklessly!
Unknown command.
Grinder gestures at you. You resist with some effort.
You hit Grinder. You block Grinder's attack.
Unknown command.
You closely miss Grinder. You block Grinder's attack. 😮 HP[+1]
You barely miss Grinder. Grinder hits you!
* * * LOW HITPOINT WARNING * * *
You writhe in agony.
* * * LOW HITPOINT WARNING * * *
Grinder blinks! 😨 HP[-13]
You take 13 damage, and now have 15/47 hp.
MASSIVE DAMAGE!! (PAUSE)
You feel better.
A ball python comes into view.
Grinder gestures at you.
Your stasis prevents you from being paralysed. 😮 HP[+11]
You regained 11 hp, and now have 26/47 hp.
The ball python hisses angrily.
Unknown command. 😮 HP[+1] Grinder gestures at you.
Your stasis prevents you from being paralysed. 😮 HP[+1]
You slash Grinder! Grinder hits you!
* * * LOW HITPOINT WARNING * * *
😨 HP[-8]
You take 8 damage, and now have 20/47 hp.
You hit Grinder. Grinder hits you but does no damage.
You completely miss Grinder. Grinder hits you.
* * * LOW HITPOINT WARNING * * *
😨 HP[-4]
You take 4 damage, and now have 16/47 hp.
You barely miss Grinder.
Grinder blinks! 😨 HP[+1] Unknown command.
You closely miss the ball python.
The ball python bites you but does no damage.
The ball python barely misses you.
You slash the ball python!
You kill the ball python!
Grinder blinks!
The ogre shouts! 😨 HP[+1] Grinder hits you.
* * * LOW HITPOINT WARNING * * *
You writhe in agony.
* * * LOW HITPOINT WARNING * * *
😨 HP[-5]
You take 5 damage, and now have 13/47 hp.
Unknown command.
Really quaff the potion of lignification?
You turn into a tree.
Your +0 pair of gloves melds into your body.
Your +0 scale mail melds into your body.
Your roots penetrate the ground.
Grinder gestures at you.
Your stasis prevents you from being paralysed. 😨 HP[+7]
You now have 70 max hp (+23).
You regained 7 hp, and now have 20/70 hp.
You feel very mighty all of a sudden. Grinder hits you.
* * * LOW HITPOINT WARNING * * *
😱 HP[-5]
You take 5 damage, and now have 15/70 hp.
Unknown command.
You closely miss Grinder. Grinder hits you but does no damage.
You closely miss Grinder. You slash the ogre!
Grinder hits you but does no damage.
The ogre hits you with a +0 giant club!!
You die...

Skill      XL: |  1  2  3  4  5 |
---------------+----------------+-----
Axes           | 3 4 6 |  6.3
Fighting       | |  3.2
Armour         | |  3.2
Shields        | |  4.0

Action                     |  1- 3 |  4- 6 || total
---------------------------+-------+-------++-------
  Melee: War axe           |    61 |   124 ||   185
Ability: Dig               |     1 |       ||     1
    Use: Scroll            |     5 |     4 ||     9
         Potion            |       |     3 ||     3
 Armour: Scale mail        |    36 |    73 ||   109
         Skin              |       |     2 ||     2
  Dodge: Dodged            |    38 |    51 ||    89
  Block: Buckler           |    19 |    26 ||    45

Levels and vault maps discovered:
D:1:      lemuel_arrival_river_ford, layout_loops_cross
D:2:      layout_rooms, grunt_decor_cap, uniq_robin
D:3:      layout_rooms, mainiacjoe_overflow_chevrons,
          mainiacjoe_overflow_cross_hatched
D:4:      layout_rooms, minmay_temple_entry_mini_moons, st_stairs_7,
          minmay_mini_ossuary, uniq_grinder

Notes
Turn   | Place    | Note
-------+----------+-------------------------------------------
     0 | D:1      | ytrimaz the Formicid Fighter began the quest for the Orb.
     0 | D:1      | Reached XP level 1. HP: 18/18 MP: 1/1
     0 | D:1      | magus.rc [v1.9.6]
   240 | D:1      | You pick up a book of Conjurations and begin reading...
   240 | D:1      | You add the spells Magic Dart, Searing Ray and Fulminant
                  | Prism to your library.
   333 | D:1      | Reached XP level 2. HP: 24/24 MP: 2/2
   770 | D:2      | Reached skill level 3 in Axes
   777 | D:2      | Noticed Robin
   786 | D:2      | Reached XP level 3. HP: 26/29 MP: 3/3
   790 | D:2      | Killed Robin
  1224 | D:3      | Reached skill level 4 in Axes
  1224 | D:3      | Reached XP level 4. HP: 30/35 MP: 4/4
  1266 | D:3      | Found a white marble altar of Elyvilon.
  1300 | D:3      | Found a stormy altar of Qazlal.
  1529 | D:3      | Reached XP level 5. HP: 30/41 MP: 5/5
  1881 | D:4      | Reached skill level 5 in Axes
  2041 | D:4      | You pick up a book of Rime and begin reading...
  2041 | D:4      | You add the spells Frozen Ramparts, Ice Form and Summon Ice
                  | Beast to your library.
  2131 | D:4      | Reached skill level 6 in Axes
  2131 | D:4      | Reached XP level 6. HP: 22/47 MP: 6/6
  2137 | D:4      | Found a staircase to the Ecumenical Temple.
  2137 | D:4      | Noticed an ogre
  2422 | D:4      | Noticed Grinder
  2453 | D:4      | HP: 15/70 [Grinder (5)]
  2455 | D:4      | Slain by an ogre

Vanquished Creatures
  A howler monkey (D:4)
  A hound (D:4)
  2 iguanas
  A mummy (D:4)
  Robin (D:2)
  4 adders
  2 worms (D:3)
  2 dart slugs
  5 orcs (D:3)
  2 bats (D:3)
  4 endoplasms
  3 giant cockroaches
  14 goblins
  4 hobgoblins
  2 quokkas
  9 ball pythons
  A frilled lizard (D:3)
  A hobgoblin zombie (D:4)
  4 kobolds
  A kobold zombie (D:4)
  2 orc zombies (D:4)
  4 rats
70 creatures vanquished.

Table legend:
 A = Non-vault XP
 B = Vault XP
 C = Vault XP percentage of total XP
 D = Non-vault monster count
 E = Vault monster count
 F = Vault count percentage of total count
                 A         B        C        D         E       F
            +---------+---------+-------+---------+---------+-------
      Total |     315 |      60 |  16.0 |      52 |      18 |  25.7
            +---------+---------+-------+---------+---------+-------
        D:1 |      12 |       0 |   0.0 |       8 |       0 |   0.0
        D:2 |      16 |      38 |  70.4 |       9 |      13 |  59.1
        D:3 |     122 |       0 |   0.0 |      22 |       0 |   0.0
        D:4 |     165 |      22 |  11.8 |      13 |       5 |  27.8
            +---------+---------+-------+---------+---------+-------

Illustrated notes

Table legend:
 A = Kills in this place as a percentage of kills in the entire game.
 B = Kills by you in this place as a percentage of kills by you in the entire game.
 C = Kills by friends in this place as a percentage of kills by friends in the entire game.
 D = Other kills in this place as a percentage of other kills in the entire game.
 E = Experience gained in this place as a percentage of experience gained in the entire game.
 F = Experience gained in this place divided by the number of levels of this place that you have seen.
                   A       B       C       D       E      F
               +-------+-------+-------+-------+-------+----------------------
         Total | 100.0 | 100.0 |   N/A |   N/A | 100.0 |  93.8
       Dungeon | 100.0 | 100.0 |   N/A |   N/A | 100.0 |  93.8
               +-------+-------+-------+-------+-------+----------------------

Table legend: (Time is in decaauts)
 A = Elapsed time spent in this place.
 B = Non-inter-level travel time spent in this place.
 C = Inter-level travel time spent in this place.
 D = Time resting spent in this place.
 E = Time spent auto-exploring this place.
 F = Levels seen in this place.
 G = Mean time per level.
                   A        B        C        D        E       F      G
               +--------+--------+--------+--------+--------+-----+--------+
         Total |   2520 |   2423 |     97 |    210 |   1680 |   4 |  630.0 |
       Dungeon |   2520 |   2423 |     97 |    210 |   1680 |   4 |  630.0 |
               +--------+--------+--------+--------+--------+-----+--------+

Top non-repeatable levels by time:
     D:3: 924 daAuts
     D:1: 733 daAuts
     D:2: 462 daAuts
     D:4: 399 daAuts
